 Dungeon Crawl Stone Soup version 0.21.1-1-g345015f (webtiles) character file.

1339 JeffiDaFish the Skirmisher (level 8, -3/88 HPs)
             Began as an Ogre Chaos Knight on Feb 19, 2018.
             Slain by an orc warrior
             ... wielding a +0 war axe
              (13 damage)
             ... on level 6 of the Dungeon.
             The game lasted 00:08:47 (5303 turns).

JeffiDaFish the Skirmisher (Ogre Chaos Knight)      Turns: 5303, Time: 00:08:48

Health: -3/88      AC:  7    Str: 17    XL:     8   Next: 61%
Magic:  17/17      EV: 12    Int: 11    God:    Xom [....*.]
Gold:   238        SH:  0    Dex: 12    Spells: 7/7 levels left

rFire    . . .     SeeInvis .   i - +2 quarterstaff (chaos)
rCold    . . .     Gourm    .   (shield currently unavailable)
rNeg     . . .     Faith    .   b - +2 robe
rPois    .         Spirit   .   (helmet restricted)
rElec    .         Reflect  .   j - +1 cloak
rCorr    .         Harm     .   (gloves unavailable)
MR       .....                  (boots unavailable)
Stlth    ++........             (no amulet)
HPRegen  0.24/turn              n - ring of flight
MPRegen  0.15/turn              a - ring of magical power

@: no status effects
A: large, unfitting armour, horns 1, thin skeletal structure 1, dopey 1,
mutation resistance 1, tough skin 1
a: Renounce Religion, Evoke Flight


You were on level 6 of the Dungeon.
You worshipped Xom.
You were a beloved toy of Xom.
You were not hungry.

You visited 1 branch of the dungeon, and saw 6 of its levels.

You collected 238 gold pieces.

Inventory:

Hand Weapons
 i - a +2 quarterstaff of chaos (weapon)
Armour
 b - a +2 robe (worn)
 j - a +1 cloak (worn)
Magical Staves
 h - an uncursed staff of death
 m - an uncursed staff of poison
Jewellery
 a - a ring of magical power (right hand)
 n - a ring of flight (left hand)
Scrolls
 d - 4 scrolls of remove curse
 e - a scroll of magic mapping
 f - a scroll of fog
 g - 4 scrolls of identify
Comestibles
 c - 11 rations
 o - 7 chunks of flesh


   Skills:
 + Level 7.8 Fighting
   Level 4.0(5.5) Maces & Flails
 * Level 6.4(7.0) Staves
 + Level 4.9 Dodging
 - Level 0.1 Stealth


You had 7 spell levels left.
You didn't know any spells.

Dungeon Overview and Level Annotations

Branches:
Dungeon (6/15)             Temple (0/1) D:6

Altars:
Nemelex Xobeh


Innate Abilities, Weirdness & Mutations

You are too large for most types of armour.
You have tough skin. (AC +1)
You have a pair of small horns on your head.
You have a somewhat thin skeletal structure. (Dex +2, Stealth)
You are dopey. (Int -2)
You are somewhat resistant to further mutation.


Message History

You hear a voice calling someone else's name.
You are now a beloved toy of Xom.
The orc hits you but does no damage.
You closely miss the orc warrior.
The orc warrior is severely wounded.
The orc warrior hits you with a war axe!!
* * * LOW HITPOINT WARNING * * *
The orc hits you but does no damage.
You feel better.
The orc warrior hits you with a war axe.
* * * LOW HITPOINT WARNING * * *
The orc hits you from afar with a trident.
* * * LOW HITPOINT WARNING * * *
You feel better.
The orc warrior hits you with a war axe!
* * * LOW HITPOINT WARNING * * *
The orc completely misses you.
You feel better.
The orc warrior hits you with a war axe!
You die...

..#.#..# #.#...###...#
##...........##
#...).........#
#.............#
#.<......###'###
#........#.....#
#.......o#.⌠.⌠.### ######
##.......o@.>.÷'.# ##.....
##......#.⌠.⌠.#.####......
#......#.....#.##........
##.....###'###...........
#....... #.# ###.........
#..###..# ...# #.........
..# #######...##.........
.# ###...........
###.........


You could see an orc warrior and an orc.

Vanquished Creatures
  Menkaure (D:6)
  The ghost of Gryphonrising the Shield-Bearer, an amateur GrFi (D:3)
  An ice beast (D:5)
  An ogre (D:4)
  A crocodile (D:5)
  2 scorpions
  4 crimson imps
  A centaur zombie (D:6)
  2 hounds
  4 orc priests
  Crazy Yiuf (D:2)
  An orc wizard (D:6)
  7 worker ants
  A hound skeleton (D:5)
  A howler monkey zombie (D:5)
  8 adders
  3 gnolls (D:5)
  An ooze (D:5)
  2 worms
  3 dart slugs
  7 leopard geckos
  14 orcs
  2 ball pythons
  5 bats
  3 giant cockroaches
  3 goblins
  7 hobgoblins
  5 quokkas
  5 frilled lizards
  A jackal zombie (D:5)
  7 kobolds
  A quokka skeleton (D:4)
  6 rats
112 creatures vanquished.

Vanquished Creatures (collateral kills)
  A dart slug (D:3)
  2 orcs (D:3)
3 creatures vanquished.

Grand Total: 115 creatures vanquished

Notes
Turn   | Place    | Note
-------+----------+-------------------------------------------
     0 | D:1      | JeffiDaFish the Ogre Chaos Knight began the quest for the Orb.
     0 | D:1      | Reached XP level 1. HP: 24/24 MP: 1/1
    83 | D:1      | Reached XP level 2. HP: 29/32 MP: 2/2
   135 | D:1      | Gained mutation: You are agile. (Dex +2) [potion of mutation]
   135 | D:1      | Gained mutation: You are frail. (-10% HP) [potion of mutation]
   135 | D:1      | Gained mutation: You are partially covered in icy blue scales. (AC +2) [potion of mutation]
   410 | D:1      | Lost mutation: You are agile. (Dex +2) [potion of mutation]
   410 | D:1      | Lost mutation: You are frail. (-10% HP) [potion of mutation]
   410 | D:1      | Gained mutation: Your spells are a little easier to cast, but a little less powerful. [potion of mutation]
   410 | D:1      | Gained mutation: You are resistant to hostile enchantments. (MR+) [potion of mutation]
   410 | D:1      | Gained mutation: You have large cloven feet. [potion of mutation]
   783 | D:2      | Reached XP level 3. HP: 31/40 MP: 3/3
   800 | D:2      | XOM: silly message
  1002 | D:2      | XOM: silly message
  1053 | D:2      | XOM: smoke on damage
  1158 | D:2      | XOM: mild Hex miscast
  1211 | D:2      | XOM: divination: magic mapping
  1214 | D:2      | Reached XP level 4. HP: 18/49 MP: 4/4
  1225 | D:2      | XOM: silly message
  1659 | D:2      | Found a runed door.
  1663 | D:2      | Noticed Crazy Yiuf
  1666 | D:2      | Killed Crazy Yiuf
  1666 | D:2      | Reached skill level 5 in Fighting
  2051 | D:3      | Reached XP level 5. HP: 57/57 MP: 5/5
  2089 | D:3      | XOM: give mutations
  2089 | D:3      | Lost mutation: You are resistant to hostile enchantments. (MR+) [Xom's mischief]
  2089 | D:3      | Gained mutation: You are agile. (Dex +2) [Xom's mischief]
  2089 | D:3      | Lost mutation: You are partially covered in icy blue scales. (AC +2) [Xom's mischief]
  2089 | D:3      | Gained mutation: You occasionally shout uncontrollably at your foes. [Xom's mischief]
  2090 | D:3      | Lost mutation: You are agile. (Dex +2) [potion of mutation]
  2090 | D:3      | Lost mutation: You have large cloven feet. [potion of mutation]
  2090 | D:3      | Lost mutation: Your spells are a little easier to cast, but a little less powerful. [potion of mutation]
  2090 | D:3      | Lost mutation: You occasionally shout uncontrollably at your foes. [potion of mutation]
  2090 | D:3      | Gained mutation: You are dopey. (Int -2) [potion of mutation]
  2090 | D:3      | Gained mutation: You are somewhat resistant to further mutation. [potion of mutation]
  2094 | D:3      | Noticed Gryphonrising's ghost (amateur GrFi)
  2107 | D:3      | XOM: summons friendly quasit
  2118 | D:3      | Killed Gryphonrising's ghost
  2118 | D:3      | Reached XP level 6. HP: 32/66 MP: 6/6
  2167 | D:3      | XOM: noise
  2292 | D:3      | XOM: god gift: twisted runed staff {god gift}
  2313 | D:3      | XOM: 2-stop teleportation journey
  2340 | D:3      | Found a sparkling altar of Nemelex Xobeh.
  2363 | D:3      | XOM: summons 6 friendly demons
  2400 | D:3      | XOM: noise
  2631 | D:3      | XOM: harmless Hex miscast
  2926 | D:3      | XOM: harmless Fire miscast
  3076 | D:3      | XOM: divination: detect creatures
  3104 | D:4      | Reached skill level 6 in Fighting
  3317 | D:4      | Reached XP level 7. HP: 73/75 MP: 7/7
  3508 | D:4      | XOM: 5-stop teleportation journey
  3867 | D:4      | XOM: smoke on damage
  4049 | D:5      | Entered Level 5 of the Dungeon
  4061 | D:5      | XOM: god gift: thin glowing staff {god gift}
  4077 | D:5      | XOM: give mutations
  4077 | D:5      | Gained mutation: You have a somewhat thin skeletal structure. (Dex +2, Stealth) [Xom's grace]
  4077 | D:5      | Gained mutation: You have a pair of small horns on your head. [Xom's grace]
  4366 | D:5      | Reached skill level 7 in Fighting
  4366 | D:5      | Reached skill level 5 in Staves
  4385 | D:5      | Reached XP level 8. HP: 87/87 MP: 8/8
  4551 | D:5      | XOM: confuse monster(s)
  4608 | D:5      | XOM: polymorph gnoll sergeant -> crocodile
  4696 | D:5      | XOM: medium Chrm miscast
  5110 | D:6      | XOM: destruction
  5113 | D:6      | XOM: 1-stop teleportation journey
  5275 | D:6      | Found a staircase to the Ecumenical Temple.
  5285 | D:6      | Noticed Menkaure
  5289 | D:6      | XOM: harmless Chrm miscast
  5297 | D:6      | Killed Menkaure
  5299 | D:6      | XOM: mild Chrm miscast
  5302 | D:6      | HP: 3/88 [orc warrior/war axe (15)]
  5303 | D:6      | Slain by an orc warrior

Skill      XL: |  1  2  3  4  5  6  7  8 |
---------------+-------------------------+-----
Maces & Flails | 3 4 |  4.0
Fighting       | 5 6 7 |  7.8
Staves         | 2 3 5 6 |  6.4
Dodging        | 3 4 |  4.9
Stealth        | |  0.1

Action                   |  1- 3 |  4- 6 |  7- 9 || total
-------------------------+-------+-------+-------++-------
Melee: Mace              |    61 |     8 |       ||    69
       Kick              |    14 |     2 |       ||    16
       Quarterstaff      |       |   115 |   121 ||   236
       Headbutt          |       |       |    13 ||    13
  Use: Scroll            |     5 |     3 |     1 ||     9
       Potion            |     4 |     4 |     5 ||    13
 Stab: Paralysed         |       |     3 |     2 ||     5
       Sleeping          |       |       |     6 ||     6
       Distracted        |       |       |     1 ||     1
  Eat: Chunk             |     1 |     6 |     7 ||    14
Armor: Robe              |    33 |    41 |    21 ||    95
Dodge: Dodged            |    40 |    60 |    55 ||   155
